PL
BOSTON PATRIOTS @ RICHARDSON CITY THUNDERCATS
10/14/2022
 
TOP OF THE 1ST
Boston Patriots batting - Pitching for Richardson City Thundercats : RHP Cordell Wilson
Pitching: RHP Cordell Wilson
Batting: RHB Tamasaburo Kato 0-0: Called Strike
0-1: Foul Ball, location: 2F
0-2: Ball
1-2: Ball
2-2: Ball
3-2: Ground out 5-3 (Groundball, 15S)
Batting: RHB Terry Armstrong 0-0: Foul Ball, location: 2F
0-1: Ball
1-1: Called Strike
1-2: Ground out 4-3 (Groundball, 13)
Batting: RHB Wilfred McLaughlin 0-0: SOLO HOME RUN (Flyball, 7LD), Distance : 345 ft
Batting: RHB Tommy Jones 0-0: DOUBLE (Line Drive, 5D)
Batting: LHB Chad Armstrong 0-0: Foul Ball, location: 2F
0-1: Called Strike
0-2: Ball
1-2: SINGLE (Flyball, 89M) - OUT at second base trying to stretch hit.
Tommy Jones scores
Top of the 1st over - 2 run(s), 3 hit(s), 0 error(s), 0 left on base; Boston 2 - Richardson City 0
BOTTOM OF THE 1ST
Richardson City Thundercats batting - Pitching for Boston Patriots : RHP Tom Reynolds
Pitching: RHP Tom Reynolds
Batting: RHB Chriss Mann 0-0: Ball
1-0: Called Strike
1-1: Ball
2-1: Foul Ball, location: 2F
2-2: Foul Ball, location: 2F
2-2: Ball
3-2: Ground out 6-3 (Groundball, 6)
Batting: RHB Juan Cabrera 0-0: Foul Ball, location: 2F
0-1: Called Strike
0-2: Ball
1-2: Ball
2-2: Foul Ball, location: 2F
2-2: Strikes out looking
Batting: RHB Yong-oon Yi 0-0: Ball
1-0: Called Strike
1-1: Ground out 6-3 (Groundball, 56D)
Bottom of the 1st over - 0 run(s), 0 hit(s), 0 error(s), 0 left on base; Boston 2 - Richardson City 0
TOP OF THE 2ND
Boston Patriots batting - Pitching for Richardson City Thundercats : RHP Cordell Wilson
Batting: LHB Bill Chambers 0-0: Ball
1-0: SINGLE (Groundball, 5D)
Batting: RHB John MacGregor 0-0: Ball
1-0: Grounds into double play, U6-3 (Groundball, 6)
Batting: RHB Dong-po Tien 0-0: Ball
1-0: Swinging Strike
1-1: Called Strike
1-2: Ground out 1-3 (Groundball, 13S)
Top of the 2nd over - 0 run(s), 1 hit(s), 0 error(s), 0 left on base; Boston 2 - Richardson City 0
BOTTOM OF THE 2ND
Richardson City Thundercats batting - Pitching for Boston Patriots : RHP Tom Reynolds
Batting: LHB Terrence Eler 0-0: Ball
1-0: Called Strike
1-1: Foul Ball, location: 2F
1-2: Strikes out swinging
Batting: SHB Leonard O'Connor 0-0: Foul Ball, location: 2F
0-1: Fly out, F7 (Flyball, 7M)
Batting: RHB Alden Wiley 0-0: Swinging Strike
0-1: Foul Ball, location: 2F
0-2: Ball
1-2: Ball
2-2: Strikes out swinging
Bottom of the 2nd over - 0 run(s), 0 hit(s), 0 error(s), 0 left on base; Boston 2 - Richardson City 0
TOP OF THE 3RD
Boston Patriots batting - Pitching for Richardson City Thundercats : RHP Cordell Wilson
Batting: RHB Enrique Pérez 0-0: Ball
1-0: Called Strike
1-1: Ball
2-1: Foul Ball, location: 2F
2-2: Ball
3-2: Foul Ball, location: 2F
3-2: Ground out 6-3 (Groundball, 6M)
Batting: RHB Tamasaburo Kato 0-0: Ball
1-0: Called Strike
1-1: Swinging Strike
1-2: Ball
2-2: Foul Ball, location: 2F
2-2: Ball
3-2: Foul Ball, location: 2F
3-2: Base on Balls
Batting: RHB Terry Armstrong 0-0: Foul Ball, location: 2F
0-1: Ground out U3 (Groundball, 3S)
Tamasaburo Kato to second
Batting: RHB Wilfred McLaughlin 0-0: Called Strike
0-1: Swinging Strike
0-2: SINGLE (Line Drive, 3)
Tamasaburo Kato to third
Runner from 3rd tries for Home, throw and OUT!
Top of the 3rd over - 0 run(s), 1 hit(s), 0 error(s), 1 left on base; Boston 2 - Richardson City 0
BOTTOM OF THE 3RD
Richardson City Thundercats batting - Pitching for Boston Patriots : RHP Tom Reynolds
Batting: RHB Nate Cates 0-0: Foul Ball, location: 2F
0-1: SINGLE (Line Drive, 8LS)
Batting: RHB Joey Jones 0-0: Foul Ball, location: 2F
0-1: Foul Ball, location: 2F
0-2: Strikes out swinging
Batting: RHB Steve Dunn 0-0: SINGLE (Line Drive, 56D)
Nate Cates to second
Batting: RHB Chriss Mann 0-0: Ball
1-0: Ball
2-0: Grounds into double play, 5-4-3 (Groundball, 56)
Bottom of the 3rd over - 0 run(s), 2 hit(s), 0 error(s), 1 left on base; Boston 2 - Richardson City 0
TOP OF THE 4TH
Boston Patriots batting - Pitching for Richardson City Thundercats : RHP Cordell Wilson
Batting: RHB Tommy Jones 0-0: Called Strike
0-1: Swinging Strike
0-2: Ball
1-2: Ground out 6-3 (Groundball, 6)
Batting: LHB Chad Armstrong 0-0: Ball
1-0: Ball
2-0: Called Strike
2-1: SINGLE (Line Drive, 9S)
Batting: LHB Bill Chambers 0-0: Ball
1-0: Called Strike
1-1: Fly out, F4 (Popup, 4MD)
Batting: RHB John MacGregor 0-0: Fielders Choice at 2nd, U6 (Groundball, 6M)
Top of the 4th over - 0 run(s), 1 hit(s), 0 error(s), 1 left on base; Boston 2 - Richardson City 0
BOTTOM OF THE 4TH
Richardson City Thundercats batting - Pitching for Boston Patriots : RHP Tom Reynolds
Batting: RHB Juan Cabrera 0-0: Ball
1-0: Ball
2-0: Ground out 6-3 (Groundball, 6)
Batting: RHB Yong-oon Yi 0-0: Ball
1-0: Called Strike
1-1: Ball
2-1: Foul Ball, location: 2F
2-2: Ball
3-2: Foul Ball, location: 2F
3-2: Foul Ball, location: 2F
3-2: Foul Ball, location: 2F
3-2: Strikes out swinging
Batting: LHB Terrence Eler 0-0: Called Strike
0-1: Ball
1-1: Ball
2-1: Ground out 4-3 (Groundball, 4M)
Bottom of the 4th over - 0 run(s), 0 hit(s), 0 error(s), 0 left on base; Boston 2 - Richardson City 0
TOP OF THE 5TH
Boston Patriots batting - Pitching for Richardson City Thundercats : RHP Cordell Wilson
Batting: RHB Dong-po Tien 0-0: Ground out 5-3 (Groundball, 56)
Batting: RHB Enrique Pérez 0-0: Ground out 1-5-3 (Groundball, 15S)
Batting: RHB Tamasaburo Kato 0-0: Foul Ball, location: 2F
0-1: Ball
1-1: Ball
2-1: Foul Ball, location: 2F
2-2: Foul Ball, location: 2F
2-2: Ball
3-2: Ground out 6-3 (Groundball, 6M)
Top of the 5th over - 0 run(s), 0 hit(s), 0 error(s), 0 left on base; Boston 2 - Richardson City 0
BOTTOM OF THE 5TH
Richardson City Thundercats batting - Pitching for Boston Patriots : RHP Tom Reynolds
Batting: SHB Leonard O'Connor 0-0: Ball
1-0: Called Strike
1-1: Swinging Strike
1-2: Foul Ball, location: 2F
1-2: Ground out U3 (Groundball, 3S)
Batting: RHB Alden Wiley 0-0: Swinging Strike
0-1: Ball
1-1: Ground out 5-3 (Groundball, 5S)
Batting: RHB Nate Cates 0-0: Called Strike
0-1: Foul Ball, location: 2F
0-2: Strikes out swinging
Bottom of the 5th over - 0 run(s), 0 hit(s), 0 error(s), 0 left on base; Boston 2 - Richardson City 0
TOP OF THE 6TH
Boston Patriots batting - Pitching for Richardson City Thundercats : RHP Cordell Wilson
Batting: RHB Terry Armstrong 0-0: Ball
1-0: Ball
2-0: Fly out, F8 (Flyball, 89M)
Batting: RHB Wilfred McLaughlin 0-0: Ball
1-0: Foul Ball, location: 2F
1-1: Called Strike
1-2: Strikes out looking
Batting: RHB Tommy Jones 0-0: Ball
1-0: Foul Ball, location: 2F
1-1: Called Strike
1-2: Foul Ball, location: 2F
1-2: Ball
2-2: SINGLE (Flyball, 89S)
Batting: LHB Chad Armstrong 0-0: SINGLE (Flyball, 8RS)
Tommy Jones to second
Runner from 2nd tries for 3rd, SAFE, throw made to third
Batting: LHB Bill Chambers 0-0: Called Strike
0-1: Ball
1-1: Called Strike
1-2: Foul Ball, location: 2F
1-2: SINGLE (Flyball, 8LS)
Tommy Jones scores
Chad Armstrong to second
Batting: RHB John MacGregor 0-0: Ball
1-0: Ball
2-0: Ground out 4-3 (Groundball, 34)
Top of the 6th over - 1 run(s), 3 hit(s), 0 error(s), 2 left on base; Boston 3 - Richardson City 0
BOTTOM OF THE 6TH
Richardson City Thundercats batting - Pitching for Boston Patriots : RHP Tom Reynolds
Batting: RHB Joey Jones 0-0: Foul Ball, location: 2F
0-1: Ball
1-1: Foul Ball, location: 2F
1-2: Ground out 6-3 (Groundball, 6)
Batting: RHB Steve Dunn 0-0: Ball
1-0: Fly out, F2 (Popup, 2LF)
Batting: RHB Chriss Mann 0-0: Swinging Strike
0-1: Swinging Strike
0-2: Ball
1-2: Strikes out swinging
Bottom of the 6th over - 0 run(s), 0 hit(s), 0 error(s), 0 left on base; Boston 3 - Richardson City 0
TOP OF THE 7TH
Boston Patriots batting - Pitching for Richardson City Thundercats : RHP Cordell Wilson
Batting: RHB Dong-po Tien 0-0: Called Strike
0-1: Ball
1-1: Ball
2-1: Fly out, F7 (Flyball, 78M)
Batting: RHB Enrique Pérez 0-0: Ball
1-0: Fly out, F9 (Flyball, 89D)
Batting: RHB Tamasaburo Kato 0-0: Ball
1-0: Ball
2-0: Ball
3-0: Called Strike
3-1: Base on Balls
Batting: RHB Terry Armstrong 0-0: Called Strike
0-1: Ball
1-1: Ball
2-1: Foul Ball, location: 2F
2-2: Fielders Choice at 2nd, U4 (Groundball, 4M)
Top of the 7th over - 0 run(s), 0 hit(s), 0 error(s), 1 left on base; Boston 3 - Richardson City 0
BOTTOM OF THE 7TH
Richardson City Thundercats batting - Pitching for Boston Patriots : RHP Tom Reynolds
Batting: RHB Juan Cabrera 0-0: Fly out, F8 (Flyball, 8LS)
Batting: RHB Yong-oon Yi 0-0: Ball
1-0: Ball
2-0: Called Strike
2-1: Foul Ball, location: 2F
2-2: Strikes out swinging
Batting: LHB Terrence Eler 0-0: Called Strike
0-1: Called Strike
0-2: Ball
1-2: Ball
2-2: Ball
3-2: Foul Ball, location: 2F
3-2: Foul Ball, location: 2F
3-2: Base on Balls
Batting: SHB Leonard O'Connor 0-0: Ball
1-0: Swinging Strike
1-1: Ground out 4-3 (Groundball, 13)
Bottom of the 7th over - 0 run(s), 0 hit(s), 0 error(s), 1 left on base; Boston 3 - Richardson City 0
TOP OF THE 8TH
Boston Patriots batting - Pitching for Richardson City Thundercats : RHP Cordell Wilson
Batting: RHB Wilfred McLaughlin 0-0: Called Strike
0-1: Ball
1-1: Ground out 6-3 (Groundball, 6)
Batting: RHB Tommy Jones 0-0: Ball
1-0: Swinging Strike
1-1: Ball
2-1: Foul Ball, location: 2F
2-2: Foul Ball, location: 2F
2-2: Fly out, F7 (Flyball, 78S)
Batting: LHB Chad Armstrong 0-0: Called Strike
0-1: Ball
1-1: Foul Ball, location: 2F
1-2: Ball
2-2: Ball
3-2: SOLO HOME RUN (Flyball, 9D), Distance : 386 ft
Pitching: RHP John Hicks
Batting: LHB Bill Chambers 0-0: SINGLE (Line Drive, 56D)
Batting: RHB John MacGregor 0-0: Ball
1-0: Called Strike
1-1: Foul Ball, location: 2F
1-2: Ball
2-2: Foul Ball, location: 2F
2-2: Strikes out looking
Top of the 8th over - 1 run(s), 2 hit(s), 0 error(s), 1 left on base; Boston 4 - Richardson City 0
BOTTOM OF THE 8TH
Richardson City Thundercats batting - Pitching for Boston Patriots : RHP Tom Reynolds
Batting: RHB Alden Wiley 0-0: Called Strike
0-1: Swinging Strike
0-2: Ball
1-2: Foul Ball, location: 2F
1-2: Ball
2-2: Ball
3-2: Ground out 5-3 (Groundball, 15S)
Batting: RHB Nate Cates 0-0: Ball
1-0: Foul Ball, location: 2F
1-1: Fly out, F9 (Flyball, 9M)
Batting: RHB Joey Jones 0-0: Swinging Strike
0-1: Ball
1-1: Swinging Strike
1-2: Ball
2-2: Strikes out swinging
Bottom of the 8th over - 0 run(s), 0 hit(s), 0 error(s), 0 left on base; Boston 4 - Richardson City 0
TOP OF THE 9TH
Boston Patriots batting - Pitching for Richardson City Thundercats : RHP John Hicks
Batting: RHB Dong-po Tien 0-0: Ball
1-0: SOLO HOME RUN (Flyball, 7D), Distance : 376 ft
Batting: RHB Enrique Pérez 0-0: Ball
1-0: Called Strike
1-1: Foul Ball, location: 2F
1-2: Ball
2-2: Ball
3-2: SINGLE (Groundball, 6MD)
Batting: RHB Tamasaburo Kato 0-0: Foul Ball, location: 2F
0-1: Foul Ball, location: 2F
0-2: Grounds into double play, 5-4-3 (Groundball, 5L)
Batting: RHB Terry Armstrong 0-0: Foul Ball, location: 2F
0-1: Ball
1-1: Swinging Strike
1-2: Foul Ball, location: 2F
1-2: Ball
2-2: Ball
3-2: Foul Ball, location: 2F
3-2: DOUBLE (Line Drive, 7LS)
Batting: RHB Wilfred McLaughlin 0-0: Foul Ball, location: 2F
0-1: Ball
1-1: Ground out 6-3 (Groundball, 6)
Top of the 9th over - 1 run(s), 3 hit(s), 0 error(s), 1 left on base; Boston 5 - Richardson City 0
BOTTOM OF THE 9TH
Richardson City Thundercats batting - Pitching for Boston Patriots : RHP Tom Reynolds
Batting: RHB Steve Dunn 0-0: Ball
1-0: Ball
2-0: Ball
3-0: Base on Balls
Pitching: LHP Jesús Caldero
Batting: RHB Chriss Mann 0-0: Swinging Strike
0-1: Ball
1-1: Foul Ball, location: 2F
1-2: Strikes out swinging
Batting: RHB Juan Cabrera 0-0: Ball
1-0: Foul Ball, location: 2F
1-1: SINGLE (Groundball, 6MD)
Steve Dunn to second
Batting: RHB Yong-oon Yi 0-0: Grounds into double play, 6-4-3 (Groundball, 56)
Bottom of the 9th over - 0 run(s), 1 hit(s), 0 error(s), 1 left on base; Boston 5 - Richardson City 0
This league is powered by Out of the Park Baseball, the baseball management simulation game for PC, Mac and Linux
Friday, April 15th, 2016 - OOTP Baseball 16.9 Build 39